 Dungeon Crawl Stone Soup version 0.21-a0-591-g2314aa1 (webtiles) character file.

426 Amnesiac the Chucker (level 6, -1/66 HPs)
             Began as an Ogre Arcane Marksman on Dec 22, 2017.
             Slain by a sky beast (6 damage)
             ... on level 5 of the Dungeon.
             The game lasted 00:04:59 (2115 turns).

Amnesiac the Chucker (Ogre Arcane Marksman)         Turns: 2115, Time: 00:05:00

Health: -1/66      AC:  3    Str: 15    XL:     6   Next: 97%
Magic:  9/9        EV: 10    Int: 15    God:
Gold:   250        SH:  0    Dex: 10    Spells: 3/9 levels left

rFire    . . .     SeeInvis .   h - +0 mace
rCold    . . .     Gourm    .   (no shield)
rNeg     . . .     Faith    .   a - +0 robe
rPois    .         Spirit   .   (helmet restricted)
rElec    .         Reflect  .   (no cloak)
rCorr    .         Harm     .   (gloves unavailable)
MR       .....                  (boots unavailable)
Stlth    +.........             (no amulet)
HPRegen  0.21/turn              p - +2 ring of slaying
MPRegen  0.11/turn              (no ring)

@: no status effects
A: large, unfitting armour, tough skin 1
a: no special abilities


You were on level 5 of the Dungeon.
You were not hungry.

You visited 1 branch of the dungeon, and saw 6 of its levels.

You collected 250 gold pieces.

Inventory:

Hand Weapons
 h - a +0 mace (weapon)
Missiles
 c - 3 large rocks
 d - 2 throwing nets
 m - 56 stones (quivered)
 s - 14 poisoned needles
Armour
 a - a +0 robe (worn)
Jewellery
 p - a +2 ring of slaying (left hand)
Wands
 o - a wand of acid (4)
Scrolls
 e - 6 scrolls of identify {!r, unknown}
 j - 3 scrolls of teleportation {!r, unknown}
 k - a scroll of enchant weapon {!r, unknown}
 q - 2 scrolls of remove curse {!r, unknown}
 r - a scroll of noise {!r, unknown}
 u - a scroll of blinking {!r, unknown}
Potions
 g - a potion of degeneration {!q, unknown}
 i - a potion of invisibility {!q, unknown}
 l - a potion of heal wounds {!q, unknown}
 n - a potion of haste {!q, unknown}
 t - a potion of curing {!q, unknown}
 v - a potion of brilliance {!q, unknown}
Books
 b - a book of Debilitation

   Spells                             Type                      Level
   a - Corona                         Hexes                        1
   b - Slow                           Hexes                        2
   c - Inner Flame                    Hexes/Fire                   3
   d - Portal Projectile              Hexes/Translocation          3
   e - Cause Fear                     Hexes                        4
   f - Leda's Liquefaction            Hexes/Earth                  4
Comestibles
 f - 5 rations
 w - a chunk of flesh


   Skills:
 - Level 5.0 Fighting
 * Level 5.7 Throwing
 - Level 1.7 Dodging
 - Level 2.1 Spellcasting
 - Level 3.0 Hexes


You had 3 spell levels left.
You knew the following spells:

 Your Spells              Type           Power        Failure   Level  Hunger
a - Corona                Hex            ##.....      6%          1    #......
b - Portal Projectile     Hex/Tloc       #.....       34%         3    ###....
e - Slow                  Hex            ##......     10%         2    ###....


Dungeon Overview and Level Annotations

Branches:
Dungeon (6/15)
 Temple: D:4-7

Altars:

Shops:
D:4 (


Innate Abilities, Weirdness & Mutations

You are too large for most types of armour.
You have tough skin. (AC +1)


Message History

You climb downwards.
The sky beast barely misses you.
The sky beast flickers out of sight!
Deactivating autopickup; reactivate with Ctrl-A.
Something hits you. Something shocks you.
There is a stone staircase leading up here.
Evoke which item? (* to show all) (? for menu, Esc to quit)
Okay, then.
Something hits you. Something shocks you.
You climb upwards.
There is a stone staircase leading down here.
A sky beast appears from thin air!
Reactivating autopickup.
Evoke which item? (* to show all) (? for menu, Esc to quit)
Aiming: Corrosive Bolt
Press: ? - help, Shift-Dir - straight line, f - sky beast
Aim: a sky beast The bolt of acid misses the sky beast.
The sky beast hits you. The sky beast shocks you.
You closely miss the sky beast. The sky beast hits you.
The sky beast shocks you.
You barely miss the sky beast. The sky beast misses you.
Evoke which item? (* to show all) (? for menu, Esc to quit)
Aiming: Corrosive Bolt
Press: ? - help, Shift-Dir - straight line, f/p - sky beast
Aim: a sky beast The bolt of acid hits the sky beast.
The sky beast is splashed with acid.
The acid corrodes the sky beast!
The sky beast is severely wounded.
The sky beast flickers out of sight!
Deactivating autopickup; reactivate with Ctrl-A.
Something hits you but does no damage. Something hits you.
Something shocks you.
* * * LOW HITPOINT WARNING * * *
A sky beast appears from thin air!
Reactivating autopickup.
You sock the sky beast!
The sky beast is almost dead.
The sky beast hits you.
* * * LOW HITPOINT WARNING * * *
The sky beast shocks you.
* * * LOW HITPOINT WARNING * * *
You miss the sky beast.
The sky beast is almost dead.
The sky beast hits you.
* * * LOW HITPOINT WARNING * * *
The sky beast shocks you.
* * * LOW HITPOINT WARNING * * *
You hit the sky beast but do no damage.
The sky beast is almost dead.
The sky beast flickers out of sight!
Deactivating autopickup; reactivate with Ctrl-A.
Something hits you.
* * * LOW HITPOINT WARNING * * *
Something shocks you.
* * * LOW HITPOINT WARNING * * *
A sky beast appears from thin air!
Reactivating autopickup.
The sky beast barely misses you.
You barely miss the sky beast.
The sky beast is almost dead.
The sky beast hits you.
* * * LOW HITPOINT WARNING * * *
The sky beast shocks you.
You die...

.. ..#.....#####.# #.#.#.# #.#.
.# #.#.#.........####.#.#.# #.#.
.####.#.#................#.###.#.
......#.#..###########.##....#.#.
...............................#.
.##...#.#..###########.#####.###.
......#.#..# #.........#.
....#...#..#####################.
.........>.....Y@................
#...#...#......................#.
.<.........#...###############.#.
#.#.##..#..#.#.# #.##
#..........#.#.# #.#
#.#.###..#.#.#.# #.# #.
##.#.#.#.# #.# #.....#.# #.# #<#


You could see a sky beast.

Vanquished Creatures
  A wyvern zombie (D:3)
  A crimson imp (D:5)
  4 hounds
  2 orc wizards (D:4)
  3 orc priests
  A worker ant (D:4)
  A worker ant zombie (D:5)
  2 worms
  2 leopard geckos
  4 orcs
  A ball python (D:5)
  2 giant cockroaches (D:4)
  3 goblins (D:3)
  A kobold (D:2)
  2 frilled lizards
  2 rats
  2 fungi (D:4)
34 creatures vanquished.

Notes
Turn   | Place    | Note
-------+----------+-------------------------------------------
     0 | D:1      | Amnesiac the Ogre Arcane Marksman began the quest for the Orb.
     0 | D:1      | Reached XP level 1. HP: 19/19 MP: 2/2
   173 | D:3      | Noticed an orc priest
   173 | D:3      | Noticed an orc priest
   181 | D:3      | Killed an orc priest
   181 | D:3      | Reached XP level 2. HP: 28/28 MP: 2/4
   181 | D:3      | Reached XP level 3. HP: 35/35 MP: 2/5
   182 | D:3      | Reached XP level 4. HP: 44/44 MP: 2/7
   470 | D:2      | Learned a level 2 spell: Slow
   480 | D:2      | Learned a level 3 spell: Portal Projectile
   594 | D:3      | Reached XP level 5. HP: 42/53 MP: 2/8
  1057 | D:4      | Reached XP level 6. HP: 40/62 MP: 7/9
  1269 | D:4      | Reached skill level 5 in Throwing
  1619 | D:4      | Found Nipof's Weapon Boutique.
  1904 | D:5      | Entered Level 5 of the Dungeon
  2003 | D:6      | Noticed a sky beast
  2038 | D:5      | Reached skill level 5 in Fighting
  2115 | D:5      | Slain by a sky beast

Vault maps used:
D:1:      saegor_arrival_simple_a, minmay_misc_feat_tower
D:2:      lemuel_round_altar
D:3:      tso_metal_star, uniq_natasha
D:4:      serial_shops, shop, minmay_misc_feat_roman, grunt_decor_fettered,
          minmay_gold_behind_fungi
D:5:      minmay_temple_entry_mist, first_ration, serial_curves, eino_curves_01,
          eino_curves_04, serial_shops, shop, uniq_duvessa
D:6:      uniq_eustachio, uniq_pikel

Skill      XL: |  1  2  3  4  5  6 |
---------------+-------------------+-----
Fighting       | 2 3 4 5 |  5.0
Hexes          | 3 |  3.0
Throwing       | 3 4 5 |  5.7
Spellcasting   | 2 |  2.1
Dodging        | |  1.7

Action                   |  1- 3 |  4- 6 || total
-------------------------+-------+-------++-------
Melee: Mace              |     5 |   122 ||   127
       Unarmed           |     5 |       ||     5
Throw: Large rock        |     3 |     9 ||    12
       Throwing net      |     2 |     2 ||     4
       Stone             |       |    17 ||    17
 Cast: Corona            |     2 |    26 ||    28
       Slow              |       |     8 ||     8
Evoke: Wand              |       |     2 ||     2
 Stab: Sleeping          |       |     1 ||     1
       Held in net/web   |       |     2 ||     2
  Eat: Chunk             |       |     5 ||     5
Armor: Robe              |     2 |    22 ||    24
Dodge: Dodged            |     5 |    63 ||    68

Table legend:
 A = Spawn XP
 B = Non-spawn XP
 C = Spawn XP percentage of total XP
 D = Spawn monster count
 E = Non-spawn monster count
 F = Spawn count percentage of total count
 G = Total turns spent on level
                    A         B        C        D         E        F      G
               +---------+---------+-------+---------+---------+-------+---------
         Total |       0 |     609 |   0.0 |       0 |      32 |   0.0 |  2115
               +---------+---------+-------+---------+---------+-------+---------
           D:1 |       0 |       1 |   0.0 |       0 |       1 |   0.0 |    35
           D:2 |       0 |       8 |   0.0 |       0 |       3 |   0.0 |   189
           D:3 |       0 |     231 |   0.0 |       0 |      13 |   0.0 |   687
           D:4 |       0 |     298 |   0.0 |       0 |      12 |   0.0 |   993
           D:5 |       0 |      71 |   0.0 |       0 |       3 |   0.0 |   195
               +---------+---------+-------+---------+---------+-------+---------
